 Dungeon Crawl Stone Soup version 0.26-a0-672-g1df16c3386 (webtiles) character file.

Game seed: 221287020073497381

33830 mandarbmax the Destroyer (level 13, -2/80 HPs)
             Began as a Tengu Conjurer on Oct 20, 2020.
             Was an Elder of Sif Muna.
             Slain by a dream sheep (19 damage)
             ... on level 5 of the Lair of Beasts.
             The game lasted 01:28:41 (22017 turns).

mandarbmax the Destroyer (Tengu Conjurer)          Turns: 22017, Time: 01:28:42

Health: -2/80      AC: 10    Str:  9    XL:     13   Next: 73%
Magic:  4/26       EV: 21    Int: 22    God:    Sif Muna [****..]
Gold:   599        SH:  0    Dex: 28    Spells: 4/28 levels left

rFire    + . .     SeeInvis .   C - +5 rapier "Ryinn" {protect, rPois Dex+4}
rCold    . . .     Faith    +   M - +2 tower shield of Wukof {rElec MR+}
rNeg     + + +     Spirit   .   j - +3 leather armour {rF+}
rPois    +         Reflect  .   (helmet restricted)
rElec    +         Harm     .   r - +1 cloak
rCorr    .         Rampage  .   o - +0 pair of gloves of the Hills {+Blink rF- rN++ Slay+3}
MR       +....                  (boots unavailable)
Stlth    +++.......             k - amulet of Liogoj {Faith rN+ Dex+5}
HPRegen  0.23/turn              E - ring of protection from fire
MPRegen  0.20/turn              p - +6 ring of dexterity

@: sleeping, flying quickly and evasively, very slightly contaminated, quick
A: beak, talons 3, able to fly
a: Stop Flying, Channel Magic, Forget Spell, Divine Exegesis, Renounce Religion,
Evoke Blink


You were on level 5 of the Lair of Beasts.
You worshipped Sif Muna.
Sif Muna was greatly pleased with you.
You visited 3 branches of the dungeon, and saw 15 of its levels.
You also visited: Gauntlet.

You collected 886 gold pieces.
You spent 287 gold pieces at shops.

Inventory:

Hand Weapons
 l - a +1 whip of venom
 t - a +7 quarterstaff of chaos
 A - a +0 long sword
 C - the +5 rapier "Ryinn" (weapon) {protect, rPois Dex+4}
   (You found it on level 9 of the Dungeon)

   It grants its wielder temporary protection when it strikes (+7 to AC).
   It affects your dexterity (+4).
   It protects you from poison.
Missiles
 i - a throwing net (quivered)
 G - 4 curare-tipped darts
 K - 12 silver javelins
Armour
 j - a +3 leather armour of fire resistance (worn)
 o - the +0 pair of gloves of the Hills (worn) {+Blink rF- rN++ Slay+3}
   (You found it in a Gauntlet)

   It affects your accuracy and damage with ranged weapons and melee attacks
   (+3).
   It makes you vulnerable to fire.
   It greatly protects you from negative energy.
   It lets you blink.
 r - a +1 cloak (worn)
 u - the +0 cloak "Hiosm" {-Tele +Fly MR++ Str+8}
   (You bought it in a shop on level 8 of the Dungeon)

   It affects your strength (+8).
   It affects your resistance to hostile enchantments.
   It lets you fly.
   It prevents most forms of teleportation.
 x - +0 steam dragon scales
 z - a +0 buckler
 J - a +3 scale mail
 M - the +2 tower shield of Wukof (worn) {rElec MR+}
   (You found it in a Gauntlet)

   It insulates you from electricity.
   It affects your resistance to hostile enchantments.
Jewellery
 a - an uncursed ring of protection from cold
 f - an uncursed ring of see invisible
 k - the amulet of Liogoj (around neck) {Faith rN+ Dex+5}
   (You found it in a Gauntlet)

   [amulet of faith]

   It allows you to gain divine favour quickly.
   It affects your dexterity (+5).
   It protects you from negative energy.
 p - a +6 ring of dexterity (right hand)
 w - an uncursed amulet of magic regeneration
 E - a ring of protection from fire (left hand)
Wands
 D - a wand of iceblast (10)
 L - a wand of acid (5)
Scrolls
 c - 14 scrolls of remove curse
 y - 4 scrolls of teleportation
 B - a scroll of fear
 F - 2 scrolls of torment
 H - 3 scrolls of enchant weapon
 I - a scroll of identify
Potions
 b - 2 potions of magic
 d - 2 potions of resistance
 e - 4 potions of stabbing
 g - a potion of might
 h - 2 potions of curing
 m - a potion of berserk rage
 n - 3 potions of lignification
 q - a potion of mutation
 s - a potion of brilliance
 v - 2 potions of ambrosia


   Skills:
 - Level 9.0 Fighting
 - Level 6.0 Armour
 - Level 9.1 Dodging
 - Level 2.0 Stealth
 + Level 8.3 Shields
 - Level 8.0 Spellcasting
 - Level 13.0 Conjurations
 + Level 2.1 Fire Magic
 + Level 10.3 Air Magic
 - Level 8.0 Invocations


You had 4 spell levels left.
You knew the following spells:

 Your Spells              Type           Power        Failure   Level
a - Magic Dart            Conj           ####         1%          1
b - Searing Ray           Conj           ######       1%          2
c - Dazzling Flash        Conj/Hex       #####.       19%         3
d - Fulminant Prism       Conj/Hex       #####.....   52%         4
e - Sticky Flame          Conj/Fire      #####...     36%         4
f - Lightning Bolt        Conj/Air       ######....   21%         5
g - Iskenderun's Battles  Conj           ######..     12%         5

Your spell library contained the following spells:

 Spells                   Type           Power        Failure   Level
 Foxfire                  Conj/Fire      ####         3%          1
 Mephitic Cloud           Conj/Pois/Air  #####...     11%         3
 Stone Arrow              Conj/Erth      #####.       19%         3
 Hailstorm                Conj/Ice       #####...     52%         4
 Iskenderun's Mystic Bla  Conj/Tloc      #####...     52%         4
 Blink                    Tloc           N/A          78%         2
 Petrify                  Tmut/Erth      #.......     100%        4
 Summon Forest            Summ/Tloc      #.........   100%        5
 Disjunction              Tloc           #.........   100%        8
 Lehudib's Crystal Spear  Conj/Erth      #####.....   100%        8


Dungeon Overview and Level Annotations

Branches:
Dungeon (9/15)             Temple (1/1) D:4            Lair (5/6) D:9
  Swamp (0/4) Lair:2        Snake (0/4) Lair:3        Slime (0/5) Lair:5
Gauntlet (visited)
    Orc: D:9-12

Altars:
Ashenzari
Cheibriados
Dithmenos
Elyvilon
Fedhas
Gozag
Hepliaklqana
Kikubaaqudgha
Makhleb
Nemelex Xobeh
Okawaru
Qazlal
Ru
Sif Muna
Trog
Uskayaw
Vehumet
Wu Jian
Xom
Yredelemnul
Zin
The Shining One
Jiyva

Shops:
D:8 *

Annotations:
D:6 1 runed translucent door, somkeydreadnuts's ghost, novice TeBe


Innate Abilities, Weirdness & Mutations

You have a beak for a mouth.
You have claws for feet.
You can fly continuously.


Message History

Your weapon exudes an aura of protection.
You kill the dream sheep!
Sif Muna accepts your kill. You block the blink frog's attack.
You block the dream sheep's attack. x2
The blink frog closely misses you. The dream sheep closely misses you.
You puncture the dream sheep!
You kill the dream sheep!
Sif Muna accepts your kill. The blink frog hits you!
* * * LOW HITPOINT WARNING * * *
You block the dream sheep's attack. x2; The blink frog blinks!
The dream sheep misses you. You block the dream sheep's attack.
The dream sheep shake their wool and sparkle.
You feel drowsy...
You fall asleep.
The blink frog blinks!
The dream sheep completely misses you. The dream sheep misses you.
The dream sheep closely misses you. The dream sheep bites you!!
You die...

##......( #....... ###......#
. ###....##### ..
##......#...# ... ##
#...>_......# ....
###.###...........
.....########.##.#............
...#.....F..Y@......P.........
........†.#.Y#P.P#.##........#
...###.###############.......#
## ##.#PP#.# .####### #


You could see a blink frog and 2 dream sheep.

Vanquished Creatures
  A minotaur (Gauntlet)
  5 hydras
  A hell beast (Gauntlet)
  3 two-headed ogres
  4 death yaks
  Sonja (Lair:1)
  10 elephants
  A moth of wrath (Gauntlet)
  A torpor snail (Lair:3)
  2 black mambas (Lair:5)
  9 cane toads
  A rime drake (Lair:4)
  8 komodo dragons
  4 polar bears
  11 blink frogs
  4 dream sheep (Lair:5)
  A wyvern (Lair:1)
  13 yaks
  4 steam dragons
  3 basilisks
  2 swamp worms (Gauntlet)
  22 water moccasins
  A hell hound (Gauntlet)
  2 black bears
  An ice beast (D:5)
  2 orc warriors
  2 sky beasts
  13 wolves
  3 ogres
  A phantom (D:9)
  2 centaurs
  A big kobold (D:5)
  12 bullfrogs
  A gnoll sergeant (D:8)
  A wyvern skeleton (D:6)
  3 scorpions
  A killer bee (D:6)
  11 wights
  A howler monkey (D:8)
  3 electric eels (Lair:2)
  2 centaur zombies
  3 jellies
  6 orc priests
  Crazy Yiuf (D:2)
  4 hounds
  10 orc wizards
  Natasha (twice) (D:3)
  2 iguanas
  4 worker ants
  2 hound skeletons
  A hound zombie (D:3)
  A howler monkey zombie (D:5)
  A worker ant zombie (D:6)
  17 gnolls
  10 adders
  3 white imps
  5 ufetubi
  An adder skeleton (D:4)
  4 worms
  5 dart slugs
  7 leopard geckos
  25 orcs
  A ball python (Lair:3)
  4 giant cockroaches
  5 goblins
  11 hobgoblins
  14 jackals
  9 kobolds
  5 quokkas
  6 bats
  6 frilled lizards
  A jackal skeleton (D:5)
  A quokka skeleton (D:9)
  8 rats
359 creatures vanquished.

Vanquished Creatures (others)
  65 fulminant prisms
  24 fungi
  87 plants
176 creatures vanquished.

Grand Total: 535 creatures vanquished

Notes
Turn   | Place    | Note
-------+----------+-------------------------------------------
     0 | D:1      | mandarbmax the Tengu Conjurer began the quest for the Orb.
     0 | D:1      | Reached XP level 1. HP: 10/10 MP: 4/4
   218 | D:1      | Reached XP level 2. HP: 15/15 MP: 4/6
   222 | D:1      | Learned a level 2 spell: Searing Ray
   245 | D:1      | Reached skill level 6 in Conjurations
   926 | D:1      | Reached XP level 3. HP: 19/19 MP: 4/7
  1181 | D:1      | Learned a level 3 spell: Dazzling Flash
  1723 | D:2      | Reached XP level 4. HP: 24/24 MP: 1/8
  1842 | D:2      | Reached skill level 7 in Conjurations
  2128 | D:2      | Found a broken altar of Ashenzari.
  2552 | D:2      | Found a runed translucent door.
  2553 | D:2      | Noticed Crazy Yiuf
  2621 | D:2      | Gained mutation: You can fly continuously. [Tengu growth]
  2621 | D:2      | Reached XP level 5. HP: 28/28 MP: 5/10
  2706 | D:2      | Learned a level 4 spell: Fulminant Prism
  2928 | D:2      | Killed Crazy Yiuf
  3019 | D:3      | Reached skill level 8 in Conjurations
  3150 | D:3      | Found a faded altar of an unknown god.
  3586 | D:3      | Reached XP level 6. HP: 32/32 MP: 4/12
  3656 | D:3      | Found a blossoming altar of Fedhas.
  3771 | D:2      | Became a worshipper of Ashenzari the Shackled
  3910 | D:3      | Noticed Natasha
  3916 | D:3      | Killed Natasha
  4067 | D:3      | Noticed Natasha
  4072 | D:3      | Killed Natasha
  4392 | D:4      | Found a staircase to the Ecumenical Temple.
  4417 | Temple   | Entered the Ecumenical Temple
  5023 | Temple   | Fell from the grace of Ashenzari
  5023 | Temple   | Became a worshipper of Sif Muna the Loreminder
  5147 | D:4      | Reached skill level 9 in Conjurations
  5201 | D:4      | Found a basalt altar of Yredelemnul.
  5342 | D:4      | Found a hazy altar of Hepliaklqana.
  5649 | D:5      | Entered Level 5 of the Dungeon
  5975 | D:5      | Reached XP level 7. HP: 36/36 MP: 8/14
  6100 | D:5      | Found a hazy altar of Hepliaklqana.
  6337 | D:5      | Reached skill level 10 in Conjurations
  6529 | D:5      | Reached skill level 1 in Armour
  6855 | D:5      | Found a snail-covered altar of Cheibriados.
  6917 | D:5      | Was forgiven by Ashenzari
  7134 | D:5      | Reached * piety under Sif Muna
  7502 | D:6      | Reached XP level 8. HP: 36/41 MP: 10/15
  7696 | D:6      | Reached skill level 5 in Dodging
  7857 | D:6      | Reached skill level 5 in Armour
  8089 | D:6      | Learned a level 4 spell: Iskenderun's Mystic Blast
  8114 | D:6      | Found a runed translucent door.
  8116 | D:6      | Noticed somkeydreadnuts's ghost (novice TeBe)
  8122 | D:6      | Found a stormy altar of Qazlal.
  8250 | D:6      | Reached skill level 11 in Conjurations
  8250 | D:6      | Reached ** piety under Sif Muna
  8250 | D:6      | Reached XP level 9. HP: 31/45 MP: 1/16
  8577 | D:6      | Found an opulent altar of Gozag.
  8686 | D:6      | Reached skill level 1 in Invocations
  9604 | D:7      | Reached skill level 12 in Conjurations
 10335 | D:7      | Identified a scroll of acquirement
 10335 | D:7      | Acquired the Collected Works on Dusty Attacks
 10479 | D:8      | Noticed a two-headed ogre
 10495 | D:7      | HP: 1/45 [two-headed ogre/+0 giant spiked club (28)]
 10850 | D:7      | Killed a two-headed ogre
 10850 | D:7      | Reached skill level 13 in Conjurations
 11010 | D:8      | Reached skill level 5 in Spellcasting
 11010 | D:8      | Reached XP level 10. HP: 44/50 MP: 7/19
 11083 | D:8      | Found Jeys's Assorted Antiques.
 11168 | D:8      | Bought a slimy cloak for 237 gold pieces
 11178 | D:8      | Identified the +0 cloak "Hiosm" {-Tele +Fly MR++ Str+8}
                  | (You bought it in a shop on level 8 of the Dungeon)
 11232 | D:8      | Bought a scroll of identify for 50 gold pieces
 11369 | D:8      | Reached *** piety under Sif Muna
 11506 | D:7      | Learned a level 5 spell: Lightning Bolt
 11646 | D:8      | Reached skill level 1 in Air Magic
 11697 | D:8      | Noticed a two-headed ogre
 11705 | D:8      | Killed a two-headed ogre
 11705 | D:8      | Reached skill level 1 in Shields
 12098 | D:9      | Got an ancient rapier
 12099 | D:9      | Identified the +5 rapier "Ryinn" {protect, rPois Dex+4}
                  | (You found it on level 9 of the Dungeon)
 12501 | D:9      | Found a basalt altar of Yredelemnul.
 12796 | D:9      | Noticed a two-headed ogre
 12799 | D:9      | Killed a two-headed ogre
 12799 | D:9      | Reached skill level 5 in Air Magic
 13053 | D:9      | Found a staircase to the Lair.
 13163 | Lair:1   | Entered Level 1 of the Lair of Beasts
 13167 | Lair:1   | Reached XP level 11. HP: 54/54 MP: 11/22
 13216 | D:9      | Learned a level 5 spell: Iskenderun's Battlesphere
 13512 | Lair:1   | Reached skill level 1 in Fighting
 13747 | Lair:1   | Reached skill level 10 in Air Magic
 13749 | Lair:1   | Noticed a four-headed hydra
 13752 | Lair:1   | Killed a four-headed hydra
 13841 | Lair:1   | Noticed an eight-headed hydra
 13845 | Lair:1   | Reached **** piety under Sif Muna
 13847 | Lair:1   | Killed an eight-headed hydra
 13847 | Lair:1   | Reached skill level 5 in Fighting
 13929 | Lair:1   | Noticed Sonja
 13938 | Lair:1   | Killed Sonja
 14682 | Lair:1   | Reached XP level 12. HP: 35/72 MP: 0/23
 14785 | Lair:2   | Found a gate leading to a gauntlet.
 14795 | Gauntlet | Entered a Gauntlet
 14795 | Gauntlet | Found a transporter.
 14795 | Gauntlet | Found a transporter.
 14811 | Gauntlet | Found a transporter.
 14815 | Gauntlet | Found a transporter.
 14825 | Gauntlet | Found a transporter.
 14827 | Gauntlet | Found a transporter.
 14830 | Gauntlet | Noticed a hell beast
 14835 | Gauntlet | Found a transporter.
 14855 | Gauntlet | Found a transporter.
 14863 | Gauntlet | Noticed a thrashing horror
 14873 | Gauntlet | Found a transporter.
 14877 | Gauntlet | Found a transporter.
 14885 | Gauntlet | Found a transporter.
 14890 | Gauntlet | Found a transporter.
 14890 | Gauntlet | Found a runed translucent door.
 15084 | Gauntlet | Reached skill level 5 in Invocations
 15102 | Gauntlet | Got a warped silver amulet
 15130 | Gauntlet | Identified the amulet of Liogoj {Faith rN+ Dex+5} (You
                  | found it in a Gauntlet)
 15205 | Gauntlet | Killed a hell beast
 15209 | Gauntlet | Got a pair of faintly humming gloves
 15223 | Gauntlet | Identified the +0 pair of gloves of the Hills {+Blink rF-
                  | rN++ Slay+3} (You found it in a Gauntlet)
 15351 | Gauntlet | Noticed a minotaur
 15357 | Gauntlet | Killed a minotaur
 15370 | Gauntlet | Got a polished tower shield
 15586 | Lair:1   | Identified the +2 tower shield of Wukof {rElec MR+} (You
                  | found it in a Gauntlet)
 15888 | Lair:2   | Noticed a six-headed hydra
 15888 | Lair:2   | Noticed a seven-headed hydra
 15968 | Lair:2   | Killed a six-headed hydra
 16268 | Lair:2   | Killed a seven-headed hydra
 16839 | Lair:2   | Found a staircase to the Swamp.
 17172 | Lair:2   | Reached skill level 5 in Shields
 17608 | Lair:3   | Reached ***** piety under Sif Muna
 17815 | Lair:2   | Reached XP level 13. HP: 51/80 MP: 1/24
 18165 | Lair:3   | Identified Sif Muna's Reference Book on Earthen
                  | Displacement (Sif Muna gifted it to you on level 3 of the
                  | Lair of Beasts)
 18165 | Lair:3   | Received a gift from Sif Muna
 18603 | Lair:3   | Found a staircase to the Snake Pit.
 21020 | Lair:4   | Learned a level 4 spell: Sticky Flame
 21820 | Lair:5   | Reached skill level 1 in Fire Magic
 21954 | Lair:5   | Found a viscous altar of Jiyva.
 21954 | Lair:5   | Found a staircase to the Slime Pits.
 22017 | Lair:5   | Slain by a dream sheep

Illustrated notes

Levels and vault maps discovered:
D:1:      saegor_arrival_simple_c, layout_loops_cross, minmay_misc_feat_tower,
          chequers_serial_rivers_small_b
D:2:      layout_basic, nicolae_overflow_hidden_temple, chequers_garden,
          fountainhead, uniq_crazy_yiuf_cottage
D:3:      layout_loops_ring, chequers_ecumenical_altar_twisty,
          fedhas_altar_fruit_tree, uniq_natasha
D:4:      layout_basic, kennysheep_mini_moat, minmay_temple_entry_grid,
          yredelemnul_altar_generic
D:5:      layout_basic, slow_altar_2, basic_altar
D:6:      layout_basic, overflow_temple_1_default,
          nicolae_qazlal_eye_of_the_storm, gammafunk_ghost_grave
D:7:      layout_basic, item_on_display_a
D:8:      cheibrodos_steamvent, layout_cave_pools, serial_shops, shop,
          serial_park_tiny_pond
D:9:      layout_basic, overflow_temple_1_default, david_lair_shrubbed
Temple:   nicolae_temple_elliptical
Lair:1:   layout_chaotic_city, cheibrodos_lair_lostbears, serial_bayou_shore_a,
          serial_bayou_shore_b, grunt_megastairs_1, uniq_sonja
Lair:2:   layout_cave_shapes, palyth_hydra_swamp_entry, gauntlet_entry_generic,
          chequers_serial_rivers_micro_d, serial_bayou_lake_a,
          grunt_megastairs_2
Lair:3:   layout_long_grid, minmay_snake_entry_six_corridors,
          lemuel_fruit_fields, lemuel_fruit_fields, grunt_megastairs_3
Lair:4:   layout_small_grid
Lair:5:   layout_roguey, slime_altar_1, enter_volcano_1, st_stairs_10

Skill      XL: |  1  2  3  4  5  6  7  8  9 10 11 12 13 |
---------------+----------------------------------------+-----
Conjurations   | 6 7 8 9 10 11 13 | 13.0
Spellcasting   | 3 4 5 7 8 |  8.0
Armour         | 3 5 6 |  6.0
Dodging        | 3 6 8 9 |  9.1
Invocations    | 4 6 8 |  8.0
Air Magic      | 8 10 | 10.3
Shields        | 4 5 8 |  8.3
Fighting       | 7 9 |  9.0
Fire Magic     | 2 |  2.1
Stealth        | |  2.0

Action                   |  1- 3 |  4- 6 |  7- 9 | 10-12 | 13-15 || total
-------------------------+-------+-------+-------+-------+-------++-------
Melee: Unarmed           |     1 |       |       |       |       ||     1
       Spear             |     1 |     6 |       |       |       ||     7
       Kick              |       |     3 |     5 |    32 |    25 ||    65
       Quarterstaff      |       |     7 |    33 |     5 |       ||    45
       Peck              |       |     3 |     4 |    17 |    13 ||    37
       Rapier            |       |       |       |    58 |    45 ||   103
       Long sword        |       |       |       |     2 |       ||     2
 Cast: Magic Dart        |    27 |    92 |    82 |    96 |    46 ||   343
       Searing Ray       |    16 |    21 |    35 |    50 |    21 ||   143
       Fulminant Prism   |       |     3 |    19 |    36 |     7 ||    65
       Dazzling Flash    |       |       |     5 |    18 |     2 ||    25
       Lightning Bolt    |       |       |       |    39 |    25 ||    64
       Iskenderun's Batt |       |       |       |    37 |    31 ||    68
       Iskenderun's Myst |       |       |       |     2 |       ||     2
       Sticky Flame      |       |       |       |       |     2 ||     2
Invok: Channel Magic     |       |       |       |     1 |       ||     1
 Abil: Fly               |       |       |       |     1 |       ||     1
Evoke: Wand              |       |       |       |     2 |     4 ||     6
  Use: Scroll            |       |    14 |     9 |     9 |     1 ||    33
       Potion            |       |       |     4 |     3 |     1 ||     8
 Stab: Invisible         |       |       |     3 |     8 |       ||    11
Armor: Ring mail         |     9 |    13 |       |       |       ||    22
       Leather armour    |       |     2 |    28 |    33 |    13 ||    76
       Steam dragon scal |       |       |       |    12 |       ||    12
Dodge: Dodged            |    11 |    15 |    68 |   222 |    91 ||   407
Block: Buckler           |       |       |       |    74 |    21 ||    95
       Tower shield      |       |       |       |       |    39 ||    39

Table legend: (Time is in decaauts)
 A = Elapsed time spent in this place.
 B = Non-inter-level travel time spent in this place.
 C = Inter-level travel time spent in this place.
 D = Time resting spent in this place.
 E = Time spent auto-exploring this place.
 F = Levels seen in this place.
 G = Mean time per level.
                   A        B        C        D        E       F      G
               +--------+--------+--------+--------+--------+-----+--------+
         Total |  21751 |  20776 |    975 |   8300 |   9142 |  16 | 1359.4 |
       Dungeon |  13073 |  12428 |    645 |   4929 |   5735 |   9 | 1452.6 |
        Temple |    575 |    492 |     83 |    186 |    270 |   1 |  575.0 |
          Lair |   7409 |   7162 |    247 |   3008 |   2797 |   5 | 1481.8 |
      Gauntlet |    692 |    692 |      0 |    177 |    340 |   1 |  692.0 |
               +--------+--------+--------+--------+--------+-----+--------+

Top non-repeatable levels by time:
  Lair:2: 2476 daAuts
     D:7: 2003 daAuts
  Lair:3: 1915 daAuts
     D:5: 1912 daAuts
     D:1: 1777 daAuts
     D:9: 1606 daAuts
  Lair:4: 1560 daAuts
     D:3: 1348 daAuts
     D:6: 1300 daAuts
  Lair:1: 1281 daAuts
     D:2: 1269 daAuts
     D:4: 1007 daAuts
     D:8: 848 daAuts
Gauntlet: 692 daAuts
  Temple: 575 daAuts
